 Dungeon Crawl Stone Soup version 0.22.0-34-g4f65f92 (webtiles) character file.

203 Brutalitops the Skirmisher (level 6, 0/47 HPs)
             Began as a Human Wanderer on Aug 23, 2018.
             Succumbed to a worker ant's poison
             ... on level 4 of the Dungeon.
             The game lasted 00:11:04 (2370 turns).

Brutalitops the Skirmisher (Human Wanderer)         Turns: 2370, Time: 00:11:05

Health: 0/47       AC:  9    Str: 14      XL:     6   Next: 8%
Magic:  7/7        EV: 10    Int: 13      God:
Gold:   113        SH:  0    Dex: 11 (12) Spells: 7/7 levels left

rFire    . . .     SeeInvis .   a - +0 battleaxe
rCold    . . .     Gourm    .   (shield currently unavailable)
rNeg     . . .     Faith    .   h - +1 ring mail
rPois    .         Spirit   .   n - +2 helmet
rElec    .         Reflect  .   o - scarf {cloud immunity}
rCorr    .         Harm     .   (no gloves)
MR       .....                  (no boots)
Stlth    +.........             e - amulet of rage
HPRegen  0.15/turn              (no ring)
MPRegen  0.10/turn              (no ring)

@: lethally poisoned (0 -> -6)
A: no striking features
a: Evoke Berserk Rage


You were on level 4 of the Dungeon.
You were hungry.

You visited 1 branch of the dungeon, and saw 4 of its levels.

You collected 113 gold pieces.

Inventory:

Hand Weapons
 a - a +0 battleaxe (weapon)
 b - a +0 hand crossbow
Missiles
 d - 65 bolts
 g - 37 stones (quivered)
Armour
 h - a +1 ring mail (worn)
 n - a +2 helmet (worn)
 o - a scarf of cloud immunity (worn)
 s - a +0 chain mail
Jewellery
 e - an amulet of rage (around neck)
 j - a cursed ring of stealth
 l - a cursed -3 ring of strength {unknown}
Wands
 q - a wand of scattershot (6)
Scrolls
 c - a scroll of fog
 i - 2 scrolls of enchant armour
Comestibles
 f - 3 rations


   Skills:
 + Level 3.4 Fighting
   Level 1.1 Short Blades
 * Level 1.5 Axes
 + Level 3.0 Crossbows
 + Level 1.7 Armour
 + Level 1.0 Dodging
 - Level 1.0 Stealth
   Level 1.0 Shields
 - Level 1.0 Spellcasting
   Level 2.0 Hexes
   Level 2.0 Earth Magic


You had 7 spell levels left.
You didn't know any spells.
Your spell library contained the following spells:

 Spells                   Type           Power        Failure   Level  Hunger
 Sandblast                Erth           #.....       24%         1    ##.....
 Apportation              Tloc           #.....       50%         1    ##.....
 Passwall                 Tmut/Erth      #.......     50%         2    ###....
 Stone Arrow              Conj/Erth      #.....       73%         3    ####...
 Gell's Gravitas          Tloc           #.........   86%         3    ####...
 Petrify                  Tmut/Erth      #.......     98%         4    #####..
 Lee's Rapid Deconstruct  Erth           #.........   100%        5    ######.


Dungeon Overview and Level Annotations

Branches:
Dungeon (4/15)
 Temple: D:4-7

Altars:

Annotations:
D:3 Edmund


Message History

You hit the gnoll zombie but do no damage.
* * * LOW HITPOINT WARNING * * *
You feel sick.
The gnoll zombie hits you but does no damage.
You hit the gnoll zombie.
The gnoll zombie is lightly damaged.
* * * LOW HITPOINT WARNING * * *
You feel sick.
An orc comes into view.
The gnoll zombie hits you but does no damage.
The orc shouts!
You hit the gnoll zombie.
The gnoll zombie is heavily damaged.
* * * LOW HITPOINT WARNING * * *
You feel sick.
You hear a shout!
The gnoll zombie barely misses you. The gnoll zombie closely misses you.
You hit the gnoll zombie but do no damage.
The gnoll zombie is heavily damaged.
You die...

#..
#..<#####
#..
........
...
#......###
#.o......
#.....>###
#...[.....
#.......#
#.@.....#
##Z####.#
#Z# ..(
... .....
....#
#....#


You could see an orc, a rat zombie and a gnoll zombie.

Vanquished Creatures
  A howler monkey (D:4)
  An orc priest (D:2)
  A hound (D:4)
  A worker ant (D:4)
  3 adders (D:2)
  A worm (D:2)
  A dart slug (D:1)
  A leopard gecko (D:1)
  3 orcs
  A giant cockroach (D:3)
  3 goblins
  8 hobgoblins
  4 jackals (D:1)
  2 ball pythons (D:3)
  3 bats
  3 frilled lizards
  4 kobolds
  17 rats
58 creatures vanquished.

Notes
Turn   | Place    | Note
-------+----------+-------------------------------------------
     0 | D:1      | Brutalitops the Human Wanderer began the quest for the Orb.
     0 | D:1      | Brutalitops set off with: a +0 hand crossbow, 28 bolts, a +0 robe, a ration
     0 | D:1      | Reached XP level 1. HP: 16/16 MP: 2/2
    77 | D:1      | Reached XP level 2. HP: 21/23 MP: 3/3
   250 | D:1      | Reached XP level 3. HP: 25/28 MP: 4/4
   918 | D:2      | Reached XP level 4. HP: 31/35 MP: 5/5
  1152 | D:2      | Reached skill level 1 in Short Blades
  1210 | D:2      | Reached XP level 5. HP: 41/41 MP: 6/6
  2323 | D:4      | Noticed Edmund
  2350 | D:4      | Reached skill level 1 in Axes
  2350 | D:4      | Reached skill level 1 in Armour
  2366 | D:4      | Reached skill level 1 in Dodging
  2366 | D:4      | Reached XP level 6. HP: 6/47 MP: 7/7
  2368 | D:4      | HP: 2/47 [poisoned by a worker ant]
  2370 | D:4      | Succumbed to a worker ant's poison

Skill      XL: |  1  2  3  4  5 |
---------------+----------------+-----
Fighting       | 3 |  3.4
Crossbows      | 2 3 |  3.0
Short Blades   | 1 |  1.1
Axes           | 1 |  1.5
Armour         | 1 |  1.7
Dodging        | 1 |  1.0
Stealth        | |  1.0
Shields        | |  1.0
Spellcasting   | |  1.0
Hexes          | |  2.0
Earth Magic    | |  2.0

Action                   |  1- 3 |  4- 6 || total
-------------------------+-------+-------++-------
Melee: Short sword       |    49 |    16 ||    65
       Battleaxe         |       |    21 ||    21
       Long sword        |       |     8 ||     8
 Fire: Hand crossbow     |    46 |    40 ||    86
  Use: Scroll            |     3 |     6 ||     9
       Potion            |     1 |     4 ||     5
  Eat: Chunk             |       |     4 ||     4
Armor: Robe              |     1 |       ||     1
       Ring mail         |    11 |    27 ||    38
Dodge: Dodged            |    23 |    37 ||    60
       Rpst.: Long sword |       |     3 ||     3
